12 | 0:00 | Probe | |
13 | 0:12 | Probe | |
14 | 0:18 | Pylon | |
14 | 0:24 | Probe (Chrono Boost) | |
15 | 0:36 | Gateway, Probe (Chrono Boost) | |
16 | 0:45 | Assimilator, Probe (Chrono Boost) | |
17 | 0:51 | Probe | |
18 | 1:03 | Probe | |
19 | 1:18 | Nexus | |
19 | 1:27 | Cybernetics Core | |
19 | 1:30 | Probe | |
20 | 1:35 | Assimilator | |
20 | 1:43 | Probe | |
20 | 1:45 | Pylon | |
21 | 1:55 | Probe | |
21 | 2:01 | Adept (Chrono Boost) | |
22 | 2:07 | Probe (Chrono Boost) | |
25 | 2:17 | Probe (Chrono Boost) | |
25 | 2:22 | Probe (Chrono Boost) | |
26 | 2:25 | Stargate | |
26 | 2:26 | Adept | |
29 | 2:33 | Probe x2 | |
31 | 2:37 | Shield Battery | |
31 | 2:38 | Warp Gate | |
31 | 2:45 | Probe x2 | |
32 | 2:57 | Stalker, Probe x2 | |
36 | 3:09 | Probe | |
36 | 3:10 | Probe | |
36 | 3:11 | Phoenix (Chrono Boost) | |
40 | 3:21 | Probe, Pylon | |
40 | 3:24 | Probe | |
40 | 3:25 | Gateway | |
42 | 3:30 | Phoenix (Chrono Boost) | |
42 | 3:34 | Probe | |
45 | 3:36 | Probe | |
45 | 3:40 | Assimilator | |
46 | 3:46 | Probe | |
46 | 3:48 | Pylon | |
47 | 3:49 | Probe | |
47 | 3:50 | Phoenix (Chrono Boost) | |
50 | 3:58 | Robotics Facility | |
50 | 4:02 | Assimilator, Probe (Chrono Boost) | |
51 | 4:04 | Probe (Chrono Boost) | |
52 | 4:11 | Probe (Chrono Boost) | |
52 | 4:13 | Probe (Chrono Boost), Pylon | |
52 | 4:15 | Phoenix | |
56 | 4:18 | Probe | |
56 | 4:22 | Probe | |
58 | 4:30 | Stalker x2 | |
58 | 4:31 | Probe | |
63 | 4:34 | Probe | |
63 | 4:35 | Pylon | |
64 | 4:42 | Phoenix | |
64 | 4:45 | Probe | |
65 | 4:46 | Probe | |
65 | 4:51 | Robotics Bay | |
66 | 4:57 | Probe | |
67 | 5:06 | Nexus | |
67 | 5:07 | Observer (Chrono Boost), Probe | |
67 | 5:09 | Probe | |
70 | 5:17 | Phoenix | |
70 | 5:18 | Pylon | |
70 | 5:19 | Probe | |
73 | 5:21 | Probe | |
73 | 5:25 | Pylon | |
74 | 5:30 | Pylon | |
74 | 5:32 | Probe | |
74 | 5:33 | Observer (Chrono Boost) | |
76 | 5:43 | Probe | |
76 | 5:45 | Probe | |
76 | 5:46 | Colossus (Chrono Boost) | |
76 | 5:48 | Extended Thermal Lance | |
84 | 5:55 | Probe | |
86 | 5:57 | Probe | |
86 | 6:00 | Forge, Twilight Council | |
86 | 6:07 | Probe | |
86 | 6:09 | Probe | |
88 | 6:20 | Probe | |
88 | 6:21 | Probe | |
88 | 6:24 | Colossus (Chrono Boost) | |
91 | 6:27 | Nexus | |
91 | 6:30 | Protoss Ground Weapons Level 1 (Chrono Boost) | |
96 | 6:34 | Charge (Chrono Boost) | |
96 | 6:36 | Probe | |
96 | 6:38 | Probe x2 | |
99 | 6:40 | Pylon | |
99 | 6:44 | Pylon | |
99 | 6:48 | Zealot, Sentry, Probe | |
99 | 6:50 | Probe | |
99 | 6:52 | Gateway, Observer | |
99 | 6:53 | Shield Battery | |
99 | 6:54 | Gateway | |
105 | 6:55 | Probe | |
105 | 6:59 | Shield Battery | |
105 | 7:00 | Probe | |
107 | 7:02 | Probe | |
107 | 7:07 | Probe | |
109 | 7:12 | Probe | |
109 | 7:14 | Zealot x2, Colossus (Chrono Boost) | |
109 | 7:15 | Probe | |
121 | 7:22 | Gateway | |
121 | 7:26 | Gateway | |
121 | 7:27 | Probe | |
120 | 7:31 | Probe | |
120 | 7:32 | Probe (Chrono Boost) | |
120 | 7:34 | Gateway | |
120 | 7:35 | Photon Cannon | |
120 | 7:37 | Gateway, Shield Battery | |
120 | 7:41 | Zealot x2 | |
127 | 7:44 | Probe (Chrono Boost) | |
127 | 7:47 | Probe (Chrono Boost) | |
127 | 7:48 | Probe (Chrono Boost) | |
127 | 7:49 | Forge, Probe (Chrono Boost) | |
128 | 7:55 | Zealot x2 | |
128 | 7:57 | Immortal (Chrono Boost) | |
133 | 8:02 | Pylon | |
133 | 8:03 | Templar Archives | |
133 | 8:04 | Probe | |
137 | 8:06 | Probe | |
137 | 8:09 | Probe | |
137 | 8:10 | Assimilator, Pylon | |
139 | 8:13 | Probe | |
139 | 8:15 | Photon Cannon | |
139 | 8:16 | Assimilator | |
139 | 8:17 | Pylon | |
140 | 8:21 | Protoss Ground Armor Level 1 (Chrono Boost) | |
140 | 8:22 | Zealot x5 | |
140 | 8:25 | Probe | |
149 | 8:27 | Immortal (Chrono Boost) | |
149 | 8:29 | Probe | |
149 | 8:33 | Probe | |
155 | 8:34 | Protoss Ground Weapons Level 2 (Chrono Boost) | |
155 | 8:35 | Assimilator, Probe | |
155 | 8:38 | Probe | |
155 | 8:39 | Assimilator | |
155 | 8:41 | High Templar x3 | |
161 | 8:45 | Pylon | |
163 | 8:49 | Archon | |
163 | 8:50 | High Templar | |
163 | 8:53 | Zealot x3, Nexus | |
163 | 8:54 | Probe | |
172 | 9:05 | Probe | |
172 | 9:06 | Pylon | |
172 | 9:07 | Probe | |
172 | 9:08 | Archon, Probe | |
172 | 9:09 | Probe | |
176 | 9:10 | Immortal | |
176 | 9:13 | Robotics Facility, Pylon | |
180 | 9:17 | Photon Cannon | |
180 | 9:18 | Psionic Storm | |
180 | 9:20 | Pylon, Photon Cannon | |
180 | 9:21 | Pylon | |
180 | 9:28 | Gateway, High Templar | |
180 | 9:29 | High Templar | |
184 | 9:35 | Gateway | |
184 | 9:38 | Probe | |
177 | 9:39 | Probe | |
178 | 9:49 | High Templar | |
178 | 9:50 | Zealot x3, High Templar x2 | |
188 | 9:53 | Immortal (Chrono Boost) | |
188 | 9:58 | Archon | |
192 | 10:01 | Disruptor (Chrono Boost), Probe | |
192 | 10:05 | Photon Cannon | |
192 | 10:06 | Probe | |
198 | 10:09 | Photon Cannon | |
198 | 10:11 | Photon Cannon | |
198 | 10:12 | Photon Cannon | |
198 | 10:15 | Shield Battery | |
198 | 10:16 | Probe | |
198 | 10:17 | Assimilator, Robotics Facility | |
198 | 10:19 | Gateway | |
199 | 10:21 | Protoss Ground Armor Level 2 (Chrono Boost) | |
199 | 10:28 | Gateway | |
199 | 10:29 | Gateway | |
199 | 10:32 | Gateway | |
199 | 10:34 | Gateway | |
197 | 10:40 | High Templar | |
197 | 10:41 | High Templar | |
199 | 10:47 | Probe | |
199 | 10:48 | Dark Shrine | |
200 | 10:50 | Gateway | |
200 | 10:52 | Gateway, Protoss Ground Weapons Level 3 (Chrono Boost), Blink | |
200 | 10:58 | Photon Cannon | |
200 | 11:00 | Photon Cannon | |
200 | 11:01 | Pylon | |
200 | 11:08 | Pylon | |
200 | 11:13 | Stalker | |
190 | 11:55 | Stalker x5 | |
190 | 12:01 | Probe, Pylon | |
198 | 12:03 | Pylon | |
198 | 12:04 | Stalker | |
198 | 12:05 | Stalker x2 | |
198 | 12:07 | Void Ray (Chrono Boost) | |
193 | 12:08 | Stalker | |
193 | 12:09 | Stalker x2 | |
193 | 12:11 | Gravitic Boosters | |
197 | 12:18 | Observer | |
191 | 12:23 | Zealot x4 | |
197 | 12:37 | Shadow Stride (Chrono Boost) | |
197 | 12:38 | Protoss Ground Armor Level 3 (Chrono Boost) | |
195 | 12:48 | Nexus | |
195 | 12:49 | Immortal | |
195 | 12:50 | Stalker x5 | |
199 | 12:53 | Pylon | |
199 | 12:57 | Zealot x3 | |
199 | 13:02 | Dark Templar x2 | |
189 | 13:13 | Zealot | |
189 | 13:14 | Zealot x4 | |
189 | 13:16 | Probe | |
197 | 13:24 | Zealot x6 | |
180 | 13:32 | Zealot x4 | |
182 | 13:39 | Stalker x7 | |
194 | 13:49 | Probe x2 | |
196 | 13:57 | Dark Templar x2 | |
196 | 14:02 | Pylon | |
168 | 14:21 | Zealot x15 | |
162 | 14:27 | Colossus (Chrono Boost) | |
172 | 14:34 | Immortal (Chrono Boost) | |
172 | 14:36 | Colossus (Chrono Boost) | |
172 | 14:37 | Observer | |
171 | 14:41 | Probe | |
172 | 14:48 | Dark Templar x5 | |
172 | 14:49 | Observer, Dark Templar x6 | |
172 | 14:50 | Dark Templar | |
196 | 14:55 | Probe | |
197 | 15:09 | Probe | |
197 | 15:19 | Assimilator | |
197 | 15:21 | High Templar | |
199 | 15:23 | Assimilator, Photon Cannon | |
199 | 15:25 | Photon Cannon x2 | |
199 | 15:26 | Photon Cannon | |
199 | 15:27 | Photon Cannon | |
199 | 15:28 | Photon Cannon | |
197 | 15:31 | Shield Battery | |
197 | 15:33 | High Templar | |
197 | 15:39 | Photon Cannon | |
197 | 15:40 | Photon Cannon | |
197 | 15:42 | Photon Cannon | |
195 | 15:43 | High Templar x2 | |
199 | 15:51 | Fleet Beacon | |
199 | 15:56 | Pylon, Stargate | |
183 | 15:57 | Protoss Air Weapons Level 1 (Chrono Boost) | |
183 | 15:58 | Archon | |
183 | 15:59 | Zealot x14 | |
193 | 16:07 | Immortal x2 (Chrono Boost) | |
189 | 16:17 | Immortal (Chrono Boost) | |
189 | 16:18 | High Templar, Dark Templar | |
187 | 16:19 | Zealot x5 | |
199 | 16:27 | Probe | |
199 | 16:30 | Protoss Shields Level 1 | |
198 | 16:35 | Nexus | |
198 | 16:38 | Zealot | |
200 | 16:44 | Stargate | |
200 | 16:46 | Pylon | |
200 | 16:47 | Stargate | |
200 | 16:48 | Assimilator | |
200 | 16:50 | Pylon | |
200 | 16:53 | Assimilator | |
186 | 17:22 | Zealot x15 | |
188 | 17:23 | Zealot | |
190 | 17:30 | Colossus | |
190 | 17:32 | Colossus | |
176 | 17:43 | Stalker x17 | |
192 | 17:55 | Probe | |
193 | 18:07 | High Templar | |
193 | 18:10 | Photon Cannon | |
193 | 18:12 | Photon Cannon | |
193 | 18:15 | Protoss Air Weapons Level 2 (Chrono Boost) | |
185 | 18:31 | Stalker x4 | |
193 | 18:39 | Disruptor | |
177 | 19:07 | Zealot x7 | |
177 | 19:08 | Zealot x10 | |
163 | 19:18 | Immortal (Chrono Boost) | |
173 | 19:29 | Immortal x2 (Chrono Boost) | |
173 | 19:31 | Stalker | |
175 | 19:36 | High Templar x4 | |
179 | 19:41 | Nexus | |
167 | 19:47 | Disruptor (Chrono Boost) | |
167 | 19:50 | Probe | |
167 | 19:51 | Zealot x6 | |
167 | 19:52 | Zealot x5, Dark Templar | |
192 | 20:02 | Probe | |
192 | 20:03 | Photon Cannon | |
192 | 20:04 | Shield Battery, Disruptor (Chrono Boost) | |
199 | 20:07 | Disruptor (Chrono Boost), Photon Cannon | |
199 | 20:08 | Photon Cannon | |
199 | 20:13 | Pylon | |
199 | 20:15 | Photon Cannon | |
189 | 20:34 | Probe | |
189 | 20:35 | Probe | |
183 | 20:39 | Dark Templar x4 | |
183 | 20:40 | Dark Templar x5 | |
195 | 21:08 | Zealot, Dark Templar | |
183 | 21:19 | Zealot x9 | |
180 | 21:41 | Stalker | |
180 | 21:42 | Stalker x7 | |
180 | 21:46 | Disruptor x2 | |
186 | 21:47 | Disruptor | |
152 | 22:16 | Pylon | |
152 | 22:19 | High Templar x4 | |
152 | 22:20 | Stalker x10 | |
152 | 22:21 | Disruptor | |
152 | 22:22 | Disruptor, Nexus | |
188 | 22:23 | Pylon, Dark Templar | |
188 | 22:24 | Zealot x2 | |
188 | 22:25 | Archon | |
192 | 22:35 | Disruptor | |
192 | 22:51 | Zealot x7 | |
178 | 23:02 | Stalker x7 | |